 Dungeon Crawl Stone Soup version 0.28.0 (webtiles) character file.

Game seed: 4206800122708472647

54 browni3141 the Chopper (level 3, 0/33 HPs)
             Began as a Minotaur Berserker on Feb 17, 2022.
             Was a Follower of Trog.
             Slain by a hobgoblin (2 damage)
             ... led by Robin
             ... on level 2 of the Dungeon.
             The game lasted 00:00:43 (1410 turns).

browni3141 the Chopper (Minotaur Berserker)         Turns: 1410, Time: 00:00:43

Health: 0/33       AC:  3    Str: 23    XL:     3   Next: 66%
Magic:  2/2        EV: 12    Int:  4    God:    Trog [*.....]
Gold:   34         SH:  0    Dex:  9    Spells: 2/2 levels left

rFire   . . .      SeeInvis .   a - +0 hand axe
rCold   . . .      Faith    .   (no shield)
rNeg    . . .      Spirit   .   b - +0 animal skin
rPois   .          Reflect  .   (helmet restricted)
rElec   .          Harm     .   d - +0 cloak
rCorr   .          Rampage  .   (no gloves)
Will    .....                   (no boots)
Stlth   +.........              (no amulet)
HPRegen 0.11/turn               (no ring)
MPRegen 0.08/turn               (no ring)

@: no status effects
A: horns 2, retaliatory headbutt
a: Renounce Religion, Berserk


You were on level 2 of the Dungeon.
You worshipped Trog.
Trog was aware of your devotion.
You visited 1 branch of the dungeon, and saw 2 of its levels.

You collected 34 gold pieces.


Innate Abilities, Weirdness & Mutations

You have a pair of horns on your head.
You reflexively headbutt those who attack you in melee.


   Skills:
 + Level 4.2 Fighting
 * Level 4.7 Axes
 + Level 3.2 Armour
 - Level 2.1 Dodging


You had 2 spell levels left.
You didn't know any spells.
Your spell library was empty.

Inventory:

Hand Weapons
 a - a +0 hand axe (weapon)
Armour
 b - a +0 animal skin (worn)
 d - a +0 cloak (worn)
 i - a +0 pair of boots
Scrolls
 c - 3 scrolls of teleportation {unknown}
 h - a scroll of fog {unknown}
Potions
 e - a potion of flight {unknown}
 f - a potion of attraction {unknown}
 g - a potion of heal wounds {unknown}

Dungeon Overview and Level Annotations

Branches:
Dungeon (2/15)

Altars:

Shops:
D:2 ==

Annotations:
D:2 1 runed translucent door, Crazy Yiuf

#...##.....##.#
♣♣.♣
.....########.#
♣.♣♣ #...##
#.##### ♣♣.♣
##.## #.#...#
¦+¦ #.#
#.....## ...
#.# ##.....#
¦...¦ #+#
#.#)#.# ¦..)¦
#.#.# #


¦¦¦¦¦ #.g@# #.g## .....# ........ ##...... ##.##. .# #. #. #. You could see 2
hobgoblins.


Message History

You kill the goblin!
Trog accepts your kill. The hobgoblin hits you.
* * * LOW HITPOINT WARNING * * *
Robin hits you with a +0 dagger.
* * * LOW HITPOINT WARNING * * *
You are too injured to fight recklessly!
You hit Robin. Your headbutt misses Robin.
Robin is almost dead.
You hit the hobgoblin.
The hobgoblin hits you but does no damage.
Robin hits you with a +0 dagger.
* * * LOW HITPOINT WARNING * * *
You are too injured to fight recklessly!
You hit Robin.
You kill Robin!
Trog accepts your kill.
You barely miss the hobgoblin. The hobgoblin barely misses you.
You are too injured to fight recklessly!
The hobgoblin barely misses you.
Items here: )) [[ ††.
You are too injured to fight recklessly!
You are too injured to fight recklessly!
You are too injured to fight recklessly!
You are too injured to fight recklessly!
There are monsters nearby!
You barely miss the hobgoblin.
The hobgoblin is almost dead.
You hit the hobgoblin. The hobgoblin hits you.
You die...

Skill      XL: |  1  2  3 |
---------------+----------+-----
Axes           | 4 |  4.7
Fighting       | 4 |  4.2
Armour         | 3 |  3.2
Dodging        | |  2.1

Action                   || total
-------------------------++-------
Melee: Hand axe          ||    72
       Headbutt          ||    12
Armor: Animal skin       ||    15
Dodge: Dodged            ||    55

Levels and vault maps discovered:
D:1:      dpeg_arrival_rhombus, layout_basic,
          shapermc_ecumenical_altar_starsandcircs
D:2:      layout_loops_corners, serial_shops, shop, shop,
          nicolae_shop_bloodbath_and_beyond, shop,
          ebering_dispersal_statue_hall, uniq_crazy_yiuf_cottage, uniq_robin

Notes
Turn   | Place    | Note
-------+----------+-------------------------------------------
     0 | D:1      | browni3141 the Minotaur Berserker began the quest for the
                  | Orb.
     0 | D:1      | Reached XP level 1. HP: 19/19 MP: 0/0
   200 | D:1      | Reached skill level 4 in Axes
   202 | D:1      | Reached XP level 2. HP: 27/27 MP: 1/1
   447 | D:1      | Found a faded altar of an unknown god.
   452 | D:1      | Reached skill level 4 in Fighting
   795 | D:2      | Found Vischug's Jewellery Emporium.
   869 | D:2      | Found Sudaigu's Jewellery Emporium.
   927 | D:2      | Reached XP level 3. HP: 33/33 MP: 2/2
  1070 | D:2      | Reached skill level 3 in Armour
  1296 | D:2      | Found a runed translucent door.
  1297 | D:2      | Noticed Crazy Yiuf
  1392 | D:2      | Noticed Robin
  1407 | D:2      | HP: 2/33 [Robin (3)]
  1408 | D:2      | Killed Robin
  1410 | D:2      | Slain by a hobgoblin

Vanquished Creatures
  Robin (D:2)
  A worm (D:2)
  2 ball pythons (D:1)
  3 endoplasms
  6 goblins
  6 hobgoblins
  2 jackals (D:1)
  A kobold (D:2)
  A quokka (D:1)
  5 bats (D:1)
  3 frilled lizards (D:1)
  4 rats
35 creatures vanquished.

Table legend: (Time is in decaauts)
 A = Elapsed time spent in this place.
 B = Non-inter-level travel time spent in this place.
 C = Inter-level travel time spent in this place.
 D = Time resting spent in this place.
 E = Time spent auto-exploring this place.
 F = Levels seen in this place.
 G = Mean time per level.
                   A        B        C        D        E       F      G
               +--------+--------+--------+--------+--------+-----+--------+
         Total |   1416 |   1408 |      8 |      0 |   1214 |   2 |  708.0 |
       Dungeon |   1416 |   1408 |      8 |      0 |   1214 |   2 |  708.0 |
               +--------+--------+--------+--------+--------+-----+--------+

Top non-repeatable levels by time:
     D:1: 799 daAuts
     D:2: 616 daAuts

Table legend:
 A = Non-vault XP
 B = Vault XP
 C = Vault XP percentage of total XP
 D = Non-vault monster count
 E = Vault monster count
 F = Vault count percentage of total count
                 A         B        C        D         E       F
            +---------+---------+-------+---------+---------+-------
      Total |      47 |      31 |  39.7 |      26 |       9 |  25.7
            +---------+---------+-------+---------+---------+-------
        D:1 |      36 |       0 |   0.0 |      21 |       0 |   0.0
        D:2 |      11 |      31 |  73.8 |       5 |       9 |  64.3
            +---------+---------+-------+---------+---------+-------
